AoeStats
← demichelis9

Arabia

508935187Analyzed
1v1 RM · 9d ago on Sep 24, 2026· 35m 1s· 2 players
Game mode
Random Map
Map size
Tiny (2 player)
Population
200
Speed
Normal
Resources
Standard
Victory
Conquest
Starting age
Dark Age
Ending age
Imperial Age
RankedLock teamsTeams togetherTeam positionsShared explorationLock speedFull tech treeHidden civsTurbo modeCheats
Victory
Defeat
🇪🇸 Vietnamese · Spain
1401
+17
🇧🇪 Varangians · Belgium
1429
-17
demichelis9
7:10 Loom
9:50 Feudal Age
10:22 Double-Bit Axe
17:27 Wheelbarrow
17:15 Fletching
21:21 Castle Age
21:42 Horse Collar
21:52 Gold Mining
21:59 Bodkin Arrow
21:24 Crossbowman
22:21 Squires
22:08 Town Watch
23:03 Padded Archer Armor
25:19 Scale Mail Armor
25:29 Forging
27:38 Chain Mail Armor
30:39 Bow Saw
30:55 Leather Archer Armor
31:46 Hand Cart
34:48 Imperial Age
33:14 Stone Mining
33:26 Heavy Plow
34:03 Iron Casting
33:50 Arson
Best Overtime 12
6:22 Loom
8:45 Feudal Age
9:48 Double-Bit Axe
16:39 Fletching
22:03 Castle Age
20:57 Bloodlines
22:19 Scale Barding Armor
21:57 Horse Collar
22:09 Gold Mining
23:25 Chain Barding Armor
32:10 Wheelbarrow
34:15 Town Watch
34:46 Hand Cart
Connection lost

Rejoining the realm…

Still unreachable

The connection could not be restored.

Session expired

The server has moved on; the page needs a fresh start.